 Dungeon Crawl Stone Soup version 0.27-a0-732-ga892ba84f6 (webtiles) character file.

Game seed: 13224873579846771620

135 leviel the Slasher (level 5, -5/39 HPs)
             Began as a Djinni Gladiator on Mar 24, 2021.
             Slain by a wight
             ... wielding a +2 morningstar
              (12 damage)
             ... on level 3 of the Dungeon.
             The game lasted 00:06:56 (3630 turns).

leviel the Slasher (Djinni Gladiator)               Turns: 3630, Time: 00:06:57

Health: -5/39      AC:  4    Str: 14    XL:     5   Next: 18%
Magic:  0/0        EV: 13    Int: 10    God:
Gold:   50         SH:  5    Dex: 14    Spells: 2/5 levels left

rFire    + + .     SeeInvis .   a - +0 long sword
rCold    x . .     Faith    .   (no shield)
rNeg     + . .     Spirit   .   b - +0 leather armour
rPois    ∞         Reflect  +   c - +0 helmet
rElec    .         Harm     .   (no cloak)
rCorr    .         Rampage  .   (no gloves)
Will     .....                  (boots unavailable)
Stlth    +.........             f - amulet of reflection
HPRegen  0.13/turn              e - ring of positive energy
MPRegen  0.00/turn              (no ring)

@: flying
A: fire resistance 2, cold vulnerability 1, float, innate caster, hp casting,
extra vitality 1
a: no special abilities


You were on level 3 of the Dungeon.
You visited 1 branch of the dungeon, and saw 3 of its levels.

You collected 50 gold pieces.

Inventory:

Hand Weapons
 a - a +0 long sword (weapon)
Missiles
 d - 3 throwing nets
Armour
 b - a +0 leather armour (worn)
 c - a +0 helmet (worn)
Jewellery
 e - a ring of positive energy (right hand)
 f - an amulet of reflection (around neck)
Scrolls
 g - a scroll of teleportation {unknown}
 h - a scroll of immolation {unknown}
 i - a scroll of acquirement {unknown}
 j - a scroll of amnesia {unknown}
 k - a scroll of torment {unknown}
 l - a scroll of enchant weapon {unknown}


   Skills:
 * Level 2.4 Fighting
 * Level 4.7 Long Blades
 + Level 1.8 Throwing
 + Level 1.0 Armour
 + Level 3.8 Dodging
 + Level 0.2 Stealth
 + Level 0.3 Shields
 * Level 0.5 Spellcasting


You had 2 spell levels left.
You knew the following spells:

 Your Spells              Type           Power      Damage    Failure   Level
a - Pain                  Necr           4%         1d4       34%         1
b - Searing Ray           Conj           2%         3d3       47%         2
Your spell library was empty.

Dungeon Overview and Level Annotations

Branches:
Dungeon (3/15)

Altars:

Shops:
D:2 (   D:3 *


Innate Abilities, Weirdness & Mutations

You are immune to poison.
Your flesh is very heat resistant. (rF++)
You are vulnerable to cold. (rC-)
You float through the air rather than walking.
You learn spells naturally, not from books.
Your magical power is your life essence.
You have superior vitality. (+4 HP)


Message History

You hit the ball python.
The ball python is severely wounded.
The ball python barely misses you.
You riposte.
You barely miss the ball python.
The ball python is severely wounded.
The ball python closely misses you.
You closely miss the ball python.
The ball python is severely wounded.
The ball python barely misses you. The ball python grabs you.
The ball python constricts you.
You hit the ball python.
You kill the ball python!
You start resting.
HP restored.
k - a scroll labelled HEZAUL YDOMN
l - a scroll labelled TAOBIPT NAITUM You now have 50 gold pieces (gained 13).
Things that are here:
a +0 club; 18 poisoned darts 2 wights come into view.
A wight is wielding a +1 vampiric short sword.
There are monsters nearby!
You can't see any susceptible monsters within range! (Use Z to cast anyway.)
Things that are here:
a +0 club; 18 poisoned darts
There is an entrance to Murykh's General Store here.
Things that are here:
a rat skeleton; a ball python skeleton The wight hits you with a +2 morningstar!
There is an entrance to Murykh's General Store here.
Things that are here:
a rat skeleton; a ball python skeleton You aren't carrying any potions.
Okay, then.
You hit the wight.
The wight is moderately damaged.
The wight hits you with a +2 morningstar!
* * * LOW HITPOINT WARNING * * *
The wight hits you with a +2 morningstar!
You die...

..#....#
#.#....#########..##
#.#....##...........
####.#.#.###.........#
...)........).......+
.####.....##........#
.##....##.##........#
.##....##.##........#
.##..>.+........@z.##
.##....###########z.#
.####### ##.# .# #∩##
.# .##### ##..#
####.## .†...# #...##
....... .....# #....#
....... .....#
#....##.z..... .....##
#...).#.......


You could see 2 wights.

Vanquished Creatures
  A hound skeleton (D:3)
  5 adders
  A dart slug (D:3)
  An orc (D:3)
  8 ball pythons
  3 giant cockroaches
  7 goblins
  4 hobgoblins
  4 jackals (D:2)
  7 kobolds
  9 oozes
  4 quokkas
  4 bats
  3 frilled lizards
  7 rats
68 creatures vanquished.

Notes
Turn   | Place    | Note
-------+----------+-------------------------------------------
     0 | D:1      | leviel the Djinni Gladiator began the quest for the Orb.
     0 | D:1      | Reached XP level 1. HP: 18/18 MP: 0/0
   587 | D:1      | Reached XP level 2. HP: 23/23 MP: 0/0
  1208 | D:1      | Reached XP level 3. HP: 5/28 MP: 0/0
  1208 | D:1      | Learned a level 1 spell: Pain
  1840 | D:2      | Found Buloto's Antique Weapon Shoppe.
  2331 | D:2      | Reached XP level 4. HP: 34/34 MP: 0/0
  2788 | D:2      | Reached skill level 4 in Long Blades
  3101 | D:3      | Reached skill level 1 in Armour
  3122 | D:3      | Reached XP level 5. HP: 17/39 MP: 0/0
  3122 | D:3      | Learned a level 2 spell: Searing Ray
  3309 | D:3      | Found Murykh's General Store.
  3630 | D:3      | Slain by a wight

Illustrated notes

Levels and vault maps discovered:
D:1:      dpeg_arrival_three_bigger_balls, layout_loops_corners
D:2:      layout_basic, serial_shops, shop
D:3:      layout_basic, serial_shops, shop, nicolae_qazlal_eye_of_the_storm

Skill      XL: |  1  2  3  4 |
---------------+-------------+-----
Long Blades    | 4 |  4.7
Armour         | 1 |  1.0
Fighting       | |  2.4
Throwing       | |  1.8
Dodging        | |  3.8
Stealth        | |  0.2
Shields        | |  0.3
Spellcasting   | |  0.5

Action                   |  1- 3 |  4- 6 || total
-------------------------+-------+-------++-------
Melee: Long sword        |   122 |    74 ||   196
 Cast: Pain              |       |    10 ||    10
  Use: Scroll            |     1 |       ||     1
       Potion            |     2 |       ||     2
Armor: Leather armour    |    30 |    13 ||    43
Dodge: Dodged            |    73 |    48 ||   121
Block: Other             |    28 |    10 ||    38
       Rpst.: Long sword |    23 |    12 ||    35

Table legend: (Time is in decaauts)
 A = Elapsed time spent in this place.
 B = Non-inter-level travel time spent in this place.
 C = Inter-level travel time spent in this place.
 D = Time resting spent in this place.
 E = Time spent auto-exploring this place.
 F = Levels seen in this place.
 G = Mean time per level.
                   A        B        C        D        E       F      G
               +--------+--------+--------+--------+--------+-----+--------+
         Total |   3651 |   3611 |     40 |   1377 |   1708 |   3 | 1217.0 |
       Dungeon |   3651 |   3611 |     40 |   1377 |   1708 |   3 | 1217.0 |
               +--------+--------+--------+--------+--------+-----+--------+

Top non-repeatable levels by time:
     D:1: 1730 daAuts
     D:2: 1227 daAuts
     D:3: 693 daAuts
